 Dungeon Crawl Stone Soup version 0.25-a0-942-g87a53962fc (webtiles) character file.

Game seed: 7142762740894546204, levelgen mode: classic

3273 Amnesiac the Destroyer (level 9, -10/51 HPs)
             Began as a Deep Elf Wizard on May 6, 2020.
             Was an Elder of Vehumet.
             Mangled by an elephant (17 damage)
             ... on level 8 of the Dungeon.
             The game lasted 00:20:04 (8563 turns).

Amnesiac the Destroyer (Deep Elf Wizard)            Turns: 8563, Time: 00:20:05

Health: -10/51     AC:  7    Str:  4    XL:     9   Next: 68%
Magic:  20/22      EV: 14    Int: 27    God:    Vehumet [****..]
Gold:   474        SH:  5    Dex: 13    Spells: 8/23 levels left

rFire    . . .     SeeInvis .   b - +1 hand crossbow (freeze)
rCold    . . .     Gourm    .   r - +1 buckler {rN+}
rNeg     + . .     Faith    .   p - +0 robe
rPois    .         Spirit   .   e - +2 helmet
rElec    .         Reflect  .   v - +0 cloak
rCorr    .         Harm     .   (no gloves)
MR       .....                  i - +0 pair of boots
Stlth    ++........             g - amulet of magic regeneration
HPRegen  0.17/turn              (no ring)
MPRegen  0.43/turn              (no ring)

@: very slightly contaminated
A: no striking features
a: Renounce Religion


You were on level 8 of the Dungeon.
You worshipped Vehumet.
Vehumet was greatly pleased with you.
You were not hungry.

You visited 2 branches of the dungeon, and saw 9 of its levels.

You collected 474 gold pieces.

Inventory:

Hand Weapons
 a - the +5 dagger "Nyurea" {freeze, Dex+2}
   (You found it on level 7 of the Dungeon)

   It has been specially enchanted to freeze those struck by it, causing extra
   injury to most foes and up to half again as much damage against particularly
   susceptible opponents.
   It can also slow down cold-blooded creatures.
   It affects your dexterity (+2).
 b - a +1 hand crossbow of freezing (weapon)
Missiles
 D - 53 bolts (quivered)
Armour
 e - a +2 helmet (worn)
 i - a +0 pair of boots (worn)
 p - a +0 robe (worn)
 r - a +1 buckler of positive energy (worn)
 v - a +0 cloak (worn)
Magical Staves
 B - an uncursed staff of poison
Jewellery
 g - an amulet of magic regeneration (around neck)
 o - an uncursed ring of fire
Wands
 k - a wand of paralysis (10)
 t - a wand of random effects (52)
 A - a wand of disintegration (10)
Scrolls
 c - 5 scrolls of amnesia {!r}
 f - 3 scrolls of remove curse {!r}
 h - a scroll of enchant armour {!r}
 j - 4 scrolls of teleportation {!r}
 x - 3 scrolls of fog {!r, unknown}
 y - a scroll of magic mapping {!r}
 C - a scroll of enchant weapon {!r, unknown}
Potions
 l - 6 potions of haste {!q, unknown}
 m - 2 potions of cancellation {!q, unknown}
 n - a potion of brilliance {!q, unknown}
 q - 2 potions of invisibility {!q, unknown}
 s - a potion of curing {!q, unknown}
 u - 2 potions of might {!q, unknown}
 w - a potion of degeneration {!q, unknown}
 z - a potion of flight {!q, unknown}
Comestibles
 d - 12 rations
 E - a chunk of flesh


   Skills:
 - Level 3.2 Fighting
 - Level 5.3 Dodging
 - Level 3.0 Stealth
 + Level 1.3 Shields
 + Level 7.5 Spellcasting
 * Level 8.4 Conjurations
 - Level 1.1 Summonings
 - Level 1.1 Translocations
 * Level 8.3 Fire Magic
 - Level 3.0 Evocations


You had 8 spell levels left.
You knew the following spells:

 Your Spells              Type           Power        Failure   Level  Hunger
a - Magic Dart            Conj           ####         1%          1    None
b - Call Imp              Summ           ###.....     8%          2    None
d - Sticky Flame          Conj/Fire      ######..     1%          4    ##.....
e - Mephitic Cloud        Conj/Pois/Air  ####....     2%          3    None
s - Conjure Flame         Conj/Fire      ######..     1%          3    None
v - Blink                 Tloc           N/A          8%          2    None

Your spell library contained the following spells:

 Spells                   Type           Power        Failure   Level  Hunger
 Static Discharge         Conj/Air       ####....     1%          3    None
 Beastly Appendage        Tmut           ##....       8%          1    None
 Slow                     Hex            ##......     12%         2    None
 Sticks to Snakes         Tmut           ##......     12%         2    None
 Spider Form              Tmut/Pois      ##........   24%         3    None
 Ice Form                 Ice/Tmut       ##......     61%         4    ##.....
 Blade Hands              Tmut           ##........   91%         5    ####...


Dungeon Overview and Level Annotations

Branches:
Dungeon (8/15)             Temple (1/1) D:4
   Lair: D:8-11

Altars:
Ashenzari
Cheibriados
Dithmenos
Elyvilon
Fedhas
Gozag
Hepliaklqana
Kikubaaqudgha
Makhleb
Nemelex Xobeh
Okawaru
Qazlal
Ru
Sif Muna
Trog
Uskayaw
Vehumet
Wu Jian
Xom
Yredelemnul
Zin
The Shining One

Annotations:
D:3 2 runed translucent doors, incide's ghost, amateur DsGl


Message History

Aim: an elephant (lightly wounded, covered in liquid flames)
You shoot a bolt.
The bolt hits the elephant but does no damage.
The elephant is lightly wounded.
The elephant burns! x2; You block the elephant's attack.
The elephant misses you. The elephant tramples you!
You stumble backwards!
Firing (i - inventory)
D - 57 bolts (quivered)
Press: ? - help, Shift-Dir - straight line, f/p - elephant
Aim: an elephant (moderately wounded, covered in liquid flames)
You shoot a bolt. The bolt hits the elephant.
The bolt freezes the elephant.
The elephant is moderately wounded.
The elephant burns!
The elephant tramples you.
You stumble backwards!
Firing (i - inventory)
D - 56 bolts (quivered)
Press: ? - help, Shift-Dir - straight line, f/p - elephant
Aim: an elephant (moderately wounded, covered in liquid flames)
You shoot a bolt.
The bolt hits the elephant but does no damage.
The elephant is moderately wounded.
The elephant burns! x2; The elephant closely misses you.
The elephant trunk-slaps you but does no damage.
The elephant barely misses you. The elephant completely misses you.
The orc hits you with a +0 short sword.
The elephant burns!
The orc throws a boomerang.
The boomerang hits you but does no damage.
The weapon returns to the orc!
The elephant burns!
Firing (i - inventory)
D - 55 bolts (quivered)
Press: ? - help, Shift-Dir - straight line, f/p - elephant
Aim: an elephant (severely wounded, covered in liquid flames)
You shoot a bolt.
The bolt hits the elephant but does no damage.
The elephant is severely wounded.
The elephant burns!
The elephant closely misses you. The elephant barely misses you.
The orc throws a boomerang.
The boomerang hits you!
The weapon returns to the orc!
The elephant tramples you!
* * * LOW HITPOINT WARNING * * *
You stumble backwards!
Firing (i - inventory)
D - 54 bolts (quivered)
Press: ? - help, Shift-Dir - straight line, f/p - elephant
Aim: an elephant (severely wounded, covered in liquid flames)
You shoot a bolt.
The bolt hits the elephant but does no damage.
The elephant is severely wounded.
The elephant burns!
The elephant stops burning.
The elephant tramples you!
* * * LOW HITPOINT WARNING * * *
You stumble backwards!
Unknown command.
Unknown command.
Unknown command.
Unknown command.
Some of the chunks of flesh in your inventory have rotted away.
The orc throws a boomerang.
The boomerang misses you.
The weapon returns to the orc!
A two-headed ogre comes into view.
It is wielding a +0 giant spiked club and a +0 giant club.
The elephant tramples you.
* * * LOW HITPOINT WARNING * * *
You stumble backwards!
Casting: Sticky Flame (dangerous; 1% risk of failure)
Confirm with . or Enter, or press ? or * to list all spells.
You miscast Blink.
You are very lightly contaminated with residual magic.
Nothing appears to happen.
The elephant tramples you!
You die...

......# #...### ## #...#
.. ...## #. ...## O.
....# .# ....# .######
.#..######.######.......
...(.....#......@#
.#.......#######Y#
.##.####.#######.#
.##.####.##...##.#
..............##o#
.##.###.......##.#
###.##........##.#
###.##...รท.....#.#
....##......o....#


You could see an elephant, a two-headed ogre (sleeping) and an orc.

Vanquished Creatures
  A wraith (D:7)
  A wyvern (D:4)
  A hungry ghost (D:6)
  An orc warrior (D:7)
  2 sky beasts (D:6)
  A necrophage (D:8)
  An eye of draining (D:7)
  A phantom (D:4)
  5 ogres
  5 centaurs
  A big kobold (D:7)
  2 bullfrogs
  2 wights (D:8)
  3 howler monkeys (D:7)
  4 crimson imps
  A centaur zombie (D:5)
  7 hounds
  Crazy Yiuf (D:6)
  An orc priest (D:3)
  2 iguanas (D:7)
  5 orc wizards
  3 worker ants
  A hound skeleton (D:5)
  Robin (D:4)
  9 adders
  8 gnolls
  A howler monkey skeleton (D:5)
  5 shadow imps
  2 oozes
  An adder skeleton (D:5)
  3 worms
  4 dart slugs
  4 leopard geckos
  33 orcs
  6 giant cockroaches
  10 hobgoblins
  12 jackals
  15 kobolds
  3 quokkas
  A ball python (D:6)
  11 bats
  3 frilled lizards
  14 goblins
  A leopard gecko skeleton (D:4)
  A leopard gecko zombie (D:7)
  A quokka zombie (D:7)
  6 rats
207 creatures vanquished.

Vanquished Creatures (collateral kills)
  2 orcs (D:5)
  A kobold (D:3)
3 creatures vanquished.

Vanquished Creatures (others)
  2 fungi (D:8)
2 creatures vanquished.

Grand Total: 212 creatures vanquished

Notes
Turn   | Place    | Note
-------+----------+-------------------------------------------
     0 | D:1      | Amnesiac the Deep Elf Wizard began the quest for the Orb.
     0 | D:1      | Reached XP level 1. HP: 10/10 MP: 7/7
   115 | D:2      | Reached XP level 2. HP: 15/15 MP: 3/9
   119 | D:2      | Learned a level 2 spell: Blink
   122 | D:2      | Learned a level 2 spell: Call Imp
   331 | D:3      | Reached XP level 3. HP: 19/19 MP: 3/11
   446 | D:4      | Learned a level 3 spell: Conjure Flame
   450 | D:4      | Learned a level 3 spell: Mephitic Cloud
   555 | D:4      | Noticed an ogre
   563 | D:4      | Killed an ogre
   563 | D:4      | Reached skill level 1 in Fighting
   563 | D:4      | Reached XP level 4. HP: 25/25 MP: 6/12
   585 | D:5      | Entered Level 5 of the Dungeon
   595 | D:4      | Noticed a phantom
   630 | D:4      | Killed a phantom
   630 | D:4      | Reached XP level 5. HP: 25/30 MP: 4/13
   863 | D:4      | Reached XP level 6. HP: 36/36 MP: 9/14
   873 | D:5      | Noticed a wyvern
   891 | D:4      | Killed a wyvern
   891 | D:4      | Reached skill level 5 in Dodging
  1080 | D:4      | Found a staircase to the Ecumenical Temple.
  1087 | Temple   | Entered the Ecumenical Temple
  1172 | Temple   | Became a worshipper of Vehumet
  2423 | D:2      | Reached skill level 1 in Fire Magic
  2423 | D:2      | Reached XP level 7. HP: 36/41 MP: 11/16
  2464 | D:2      | Found a burning altar of Makhleb.
  2595 | D:2      | Reached * piety under Vehumet
  2595 | D:2      | Offered knowledge of Freeze by Vehumet.
  2986 | D:3      | Reached skill level 5 in Spellcasting
  3030 | D:3      | Found a runed translucent door.
  3033 | D:3      | Noticed incide's ghost (amateur DsGl)
  3137 | D:3      | Found a runed translucent door.
  4361 | D:4      | Reached ** piety under Vehumet
  4452 | D:4      | Offered knowledge of Sandblast by Vehumet.
  4455 | D:4      | Noticed Robin
  4461 | D:4      | Killed Robin
  4796 | D:5      | Reached skill level 5 in Conjurations
  4815 | D:5      | Reached skill level 5 in Fire Magic
  4838 | D:5      | Offered knowledge of Dazzling Flash by Vehumet.
  4893 | D:5      | Reached XP level 8. HP: 46/46 MP: 12/17
  4964 | D:5      | Reached *** piety under Vehumet
  5652 | D:6      | Found an iron altar of Okawaru.
  5842 | D:6      | Reached skill level 1 in Evocations
  6234 | D:6      | Found a blossoming altar of Fedhas.
  6319 | D:6      | Found a runed translucent door.
  6320 | D:6      | Noticed Crazy Yiuf
  6434 | D:6      | Killed Crazy Yiuf
  6525 | D:7      | Found an ornate altar of the Wu Jian Council.
  6529 | D:7      | Offered knowledge of Sticky Flame by Vehumet.
  6538 | D:7      | Learned a level 4 spell: Sticky Flame
  6889 | D:7      | Got a warped dagger
  6894 | D:7      | Identified the +5 dagger "Nyurea" {freeze, Dex+2} (You
                  | found it on level 7 of the Dungeon)
  7112 | D:7      | Reached XP level 9. HP: 40/51 MP: 13/20
  8299 | D:8      | Reached **** piety under Vehumet
  8328 | D:8      | Reached skill level 1 in Shields
  8524 | D:8      | Noticed an elephant
  8543 | D:8      | Offered knowledge of Static Discharge by Vehumet.
  8560 | D:8      | Noticed a two-headed ogre
  8563 | D:8      | Mangled by an elephant

Levels and vault maps discovered:
D:1:      onia_arrival_handbag, layout_loops_corners, minmay_tree_intersection
D:2:      layout_loops_cross, hex_tiny, makhleb_heckhound_becter
D:3:      layout_loops_ring, ebering_ghost_sewer_f, hangedman_decor_peaks_small
D:4:      kennysheep_goblin_castle, layout_basic,
          minmay_temple_entry_gardened_gates
D:5:      layout_cave_pools, first_ration
D:6:      layout_loops_ring, basic_altar, okawaru_trees_1,
          uniq_crazy_yiuf_cottage
D:7:      minmay_blocky_corners, layout_cave_pools, overflow_temple_1_default,
          kennysheep_generic_room_15
D:8:      layout_loops_ring, david_lair_generic
Temple:   grunt_wide_crystal_templ

Skill      XL: |  1  2  3  4  5  6  7  8  9 |
---------------+----------------------------+-----
Conjurations   | 2 3 4 5 6 8 |  8.4
Fighting       | 1 2 3 |  3.2
Dodging        | 3 4 5 |  5.3
Stealth        | 3 |  3.0
Fire Magic     | 1 5 6 8 |  8.3
Spellcasting   | 5 6 7 |  7.5
Evocations     | 2 3 |  3.0
Shields        | 1 |  1.3
Summonings     | |  1.1
Translocations | |  1.1

Action                   |  1- 3 |  4- 6 |  7- 9 || total
-------------------------+-------+-------+-------++-------
Melee: Dagger            |       |     1 |    28 ||    29
       Mace              |       |       |    11 ||    11
 Fire: Hand crossbow     |       |       |    33 ||    33
 Cast: Magic Dart        |    35 |   126 |   381 ||   542
       Call Imp          |     1 |     1 |     4 ||     6
       Mephitic Cloud    |       |     1 |     9 ||    10
       Conjure Flame     |       |       |     9 ||     9
       Sticky Flame      |       |       |    36 ||    36
       Blink             |       |       |     1 ||     1
  Use: Scroll            |       |       |     7 ||     7
 Stab: Sleeping          |       |       |     2 ||     2
  Eat: Chunk             |       |     4 |    21 ||    25
       Ration            |       |       |     1 ||     1
Armor: Robe              |     1 |     6 |    45 ||    52
Dodge: Dodged            |     5 |    13 |   130 ||   148
Block: Buckler           |       |       |     3 ||     3

Table legend:
 A = Non-vault XP
 B = Vault XP
 C = Vault XP percentage of total XP
 D = Non-vault monster count
 E = Vault monster count
 F = Vault count percentage of total count
                 A         B        C        D         E       F
            +---------+---------+-------+---------+---------+-------
      Total |    3864 |     812 |  17.4 |     176 |      34 |  16.2
            +---------+---------+-------+---------+---------+-------
        D:1 |      22 |      10 |  31.2 |      13 |       4 |  23.5
        D:2 |     119 |      45 |  27.4 |      30 |       1 |   3.2
        D:3 |     191 |       0 |   0.0 |      27 |       0 |   0.0
        D:4 |     576 |      97 |  14.4 |      13 |      21 |  61.8
        D:5 |     403 |       0 |   0.0 |      28 |       0 |   0.0
        D:6 |     742 |     200 |  21.2 |      22 |       2 |   8.3
        D:7 |    1132 |     460 |  28.9 |      32 |       6 |  15.8
        D:8 |     679 |       0 |   0.0 |      11 |       0 |   0.0
            +---------+---------+-------+---------+---------+-------
